 Dungeon Crawl Stone Soup version 0.23.0-3-gf3c87f2df8 (webtiles) character file.

Game seed: 1291812017390831834

126 Peloso the Skirmisher (level 4, -6/41 HPs)
             Began as a Minotaur Fighter on Feb 22, 2019.
             Mangled by an orc priest
             ... wielding a +0 war axe
              (7 damage)
             ... on level 3 of the Dungeon on Feb 23, 2019.
             The game lasted 00:05:51 (1816 turns).

Peloso the Skirmisher (Minotaur Fighter)            Turns: 1816, Time: 00:05:51

Health: -6/41      AC:  7    Str: 20    XL:     4   Next: 84%
Magic:  3/3        EV:  8    Int:  5    God:
Gold:   166        SH:  9    Dex: 11    Spells: 3/3 levels left

rFire    . . .     SeeInvis .   a - +0 long sword
rCold    . . .     Gourm    .   c - +0 shield
rNeg     . . .     Faith    .   b - +0 scale mail
rPois    .         Spirit   .   (helmet restricted)
rElec    .         Reflect  .   (no cloak)
rCorr    .         Harm     .   (no gloves)
MR       .....                  (no boots)
Stlth    ..........             (no amulet)
HPRegen  0.13/turn              (no ring)
MPRegen  0.08/turn              (no ring)

@: no status effects
A: retaliatory headbutt, horns 2
a: no special abilities


You were on level 3 of the Dungeon.
You were not hungry.

You visited 1 branch of the dungeon, and saw 3 of its levels.

You collected 166 gold pieces.

Inventory:

Hand Weapons
 a - a +0 long sword (weapon)
Armour
 b - a +0 scale mail (worn)
 c - a +0 shield (worn)
Scrolls
 g - 2 scrolls of identify {unknown}
 k - a scroll of teleportation {unknown}
 l - 2 scrolls of remove curse {unknown}
 m - a scroll of noise {unknown}
 n - a scroll of amnesia {unknown}
Potions
 d - a potion of might
 e - a potion of invisibility {unknown}
 h - a potion of curing {unknown}
 i - a potion of brilliance {unknown}
 j - a potion of heal wounds {unknown}
Comestibles
 f - 2 rations
 o - 5 chunks of flesh


   Skills:
 + Level 4.6 Fighting
 + Level 3.9 Long Blades
 + Level 4.2 Armour
 + Level 0.8 Dodging
 + Level 0.2 Stealth
 + Level 4.4 Shields


You had 3 spell levels left.
You didn't know any spells.
Your spell library was empty.

Dungeon Overview and Level Annotations

Branches:
Dungeon (3/15)

Altars:
Fedhas
Kikubaaqudgha


Innate Abilities, Weirdness & Mutations

You reflexively headbutt those who attack you in melee.
You have a pair of horns on your head.


Message History

The orc priest is lightly wounded.
The orc priest barely misses you. You furiously retaliate!
You headbutt the orc priest.
You hit the orc priest but do no damage.
The orc priest is heavily wounded.
You block the orc priest's attack.
You hit the orc priest but do no damage.
Your headbutt misses the orc priest.
The orc priest is heavily wounded.
The orc priest calls down the wrath of Beogh upon you.
Beogh smites you!
* * * LOW HITPOINT WARNING * * *
You slash the orc priest!
The orc priest is almost dead.
The orc priest hits you with a +0 war axe.
* * * LOW HITPOINT WARNING * * *
You barely miss the orc priest.
The orc priest is almost dead.
The orc priest hits you with a +0 war axe!
You die...

.## ##...### #.# . ##o## #.#
# ##.# #.# #### #####..# #.#
.....##.....#########.#####..
#.................##...)...#
#.#.##..........#.....######
#..÷.o###....###.####
#....†@##.###.......#
###.##.##.# #.##.##.#
#.##.##.# #>##.# # #.......#
#.##.. ##.....## #.###.#
.....# #.# .# .....#
#.......# ......# #####.###


You could see an orc priest.

Vanquished Creatures
  An orc wizard (D:2)
  3 adders (D:3)
  3 dart slugs
  5 leopard geckos
  2 orcs (D:2)
  5 giant cockroaches
  4 goblins
  7 hobgoblins
  7 jackals
  3 ball pythons
  5 bats
  A frilled lizard (D:2)
  5 kobolds
  4 rats
55 creatures vanquished.

Notes
Turn   | Place    | Note
-------+----------+-------------------------------------------
     0 | D:1      | Peloso the Minotaur Fighter began the quest for the Orb.
     0 | D:1      | Reached XP level 1. HP: 19/19 MP: 0/0
    21 | D:1      | Reached XP level 2. HP: 21/27 MP: 1/1
   476 | D:1      | Reached XP level 3. HP: 34/34 MP: 2/2
  1311 | D:2      | Found an ancient bone altar of Kikubaaqudgha.
  1554 | D:3      | Reached XP level 4. HP: 34/41 MP: 3/3
  1594 | D:3      | Found a blossoming altar of Fedhas.
  1814 | D:3      | HP: 1/41 [orc priest/divine providence (9)]
  1816 | D:3      | Mangled by an orc priest

Skill      XL: |  1  2  3 |
---------------+----------+-----
Fighting       | 4 |  4.6
Shields        | 4 |  4.4
Armour         | 4 |  4.2
Long Blades    | 3 |  3.9
Dodging        | |  0.8
Stealth        | |  0.2

Action                   |  1- 3 |  4- 6 || total
-------------------------+-------+-------++-------
Melee: Long sword        |    88 |    39 ||   127
       Headbutt          |    11 |     7 ||    18
  Eat: Chunk             |     2 |     1 ||     3
Armor: Scale mail        |    50 |    23 ||    73
Dodge: Dodged            |    38 |    13 ||    51
Block: Shield            |    59 |    22 ||    81
       Rpst.: Long sword |     7 |     4 ||    11
